 Dungeon Crawl Stone Soup version 0.26-a0-597-gb535b0901c (webtiles) character file.

Game seed: 802883413609601618

182 Apogee the Fighter (level 5, 27/54 HPs)
             Began as a Gnoll Wanderer on Sept 14, 2020.
             Quit the game on level 2 of the Dungeon.
             The game lasted 00:01:30 (525 turns).

Apogee the Fighter (Gnoll Wanderer)                  Turns: 525, Time: 00:01:31

Health: 27/54      AC:  2    Str: 15    XL:     5   Next: 61%
Magic:  7/7        EV: 12    Int: 16    God:
Gold:   37         SH:  0    Dex: 13    Spells: 7/7 levels left

rFire    . . .     SeeInvis .   a - +2 spear
rCold    . . .     Faith    .   (no shield)
rNeg     . . .     Spirit   .   d - +0 robe
rPois    .         Reflect  .   (no helmet)
rElec    .         Harm     .   (no cloak)
rCorr    .                      (no gloves)
MR       .....                  (no boots)
Stlth    +++.......             (no amulet)
HPRegen  0.18/turn              (no ring)
MPRegen  0.10/turn              (no ring)

@: quite poisoned (27 -> 14)
A: distributed training, fangs 1, strong nose
a: no special abilities


You were on level 2 of the Dungeon.
You visited 1 branch of the dungeon, and saw 2 of its levels.

You collected 37 gold pieces.

Inventory:

Hand Weapons
 a - a +2 spear (weapon)
 b - a +0 hand axe
 e - a +0 dagger
Missiles
 f - 32 stones (quivered)
Armour
 d - a +0 robe (worn)
Scrolls
 g - a scroll of remove curse {unknown}
 h - a scroll of identify {unknown}
 i - a scroll of teleportation {unknown}
Potions
 c - 2 potions of curing {@q1}


   Skills:
 + Level 10.4 Fighting
 + Level 1.5 Short Blades
 + Level 1.5 Long Blades
 + Level 1.5 Axes
 + Level 1.5 Maces & Flails
 + Level 1.5 Polearms
 + Level 1.5 Staves
 + Level 1.5 Slings
 + Level 1.5 Bows
 + Level 1.5 Crossbows
 + Level 4.8 Throwing
 + Level 3.0 Armour
 + Level 1.5 Dodging
 + Level 4.4 Stealth
 + Level 1.5 Shields
 + Level 1.5 Unarmed Combat
 + Level 1.5 Spellcasting
 + Level 1.2 Conjurations
 + Level 1.2 Hexes
 + Level 1.2 Summonings
 + Level 1.2 Necromancy
 + Level 1.2 Translocations
 + Level 1.2 Transmutations
 + Level 1.2 Fire Magic
 + Level 1.2 Ice Magic
 + Level 1.2 Air Magic
 + Level 1.2 Earth Magic
 + Level 1.2 Poison Magic
 + Level 1.7 Invocations
 + Level 1.5 Evocations


You had 7 spell levels left.
You didn't know any spells.
Your spell library was empty.

Dungeon Overview and Level Annotations

Branches:
Dungeon (2/15)

Altars:
Gozag


Innate Abilities, Weirdness & Mutations

Your experience applies equally to all skills.
You have very sharp teeth.
Your uncanny sense of smell can sniff out nearby items.


Message History

A worker ant is nearby!
You reach to attack!
The helpless worker ant fails to defend itself.
You hit the worker ant. You closely miss the worker ant.
You bite the worker ant, but do no damage.
The worker ant bites you.
You are poisoned.
The worker ant poisons you!
You hit the worker ant.
You bite the worker ant, but do no damage.
You feel sick. The worker ant bites you.
You completely miss the worker ant.
You feel sick. The worker ant bites you. The worker ant completely misses you.
You closely miss the worker ant.
You bite the worker ant, but do no damage.
The worker ant closely misses you.
You closely miss the worker ant. Your bite misses the worker ant.
You feel sick. The worker ant bites you.
You are more poisoned.
The worker ant poisons you!
You barely miss the worker ant.
You feel sick. The worker ant closely misses you.
You hit the worker ant.
You bite the worker ant, but do no damage.
You feel sick. The worker ant bites you.
You hit the worker ant.
You feel sick. The worker ant barely misses you.
The worker ant closely misses you.
You barely miss the worker ant. Your bite misses the worker ant.
You feel sick. The worker ant closely misses you.
You hit the worker ant.
You feel sick. The worker ant bites you.
You are more poisoned.
The worker ant poisons you!
You closely miss the worker ant.
You feel sick. The worker ant misses you.
You are too injured to fight recklessly!
You are too injured to fight recklessly!
You are too injured to fight recklessly!
You are too injured to fight recklessly!
You are too injured to fight recklessly!
You are too injured to fight recklessly!
You are too injured to fight recklessly!
You are too injured to fight recklessly!
You are too injured to fight recklessly!
You are too injured to fight recklessly!
You are too injured to fight recklessly!
You are too injured to fight recklessly!
You are too injured to fight recklessly!
You are too injured to fight recklessly!
You are too injured to fight recklessly!
Unknown command.

#...# ######...#
.........# .......###
.......######.#
..............#
######.#################
#.#.)...# #.a......
#.#.###.###@#
#.......#.#.#
#######.###.#.#.######
#.....<...............#
#.####.#.######.#####.#
#.#..#.#).....#.#
#.#..#.#..###.#.#
##.#.<.....#...#.#
..<#.##.#.##.###.#


You could see a worker ant.

Vanquished Creatures
  Sigmund (D:2)
  An adder (D:2)
  A hobgoblin (D:2)
  A bat (D:1)
  A frilled lizard (D:1)
  2 kobolds (D:2)
  A rat (D:2)
8 creatures vanquished.

Vanquished Creatures (others)
  A goblin (D:2)
1 creature vanquished.

Grand Total: 9 creatures vanquished

Notes
Turn   | Place    | Note
-------+----------+-------------------------------------------
     0 | D:1      | Reached skill level 10 in Fighting
     0 | D:1      | Apogee the Gnoll Wanderer began the quest for the Orb.
     0 | D:1      | Apogee set off with the following items: a +2 spear, a +0
                  | hand axe, a potion of curing {@q1}, a +0 robe, a +0 dagger
     0 | D:1      | Reached XP level 1. HP: 28/28 MP: 1/1
    95 | D:1      | You fall into a shaft and drop 1 floor!
   143 | D:2      | Found an opulent altar of Gozag.
   195 | D:2      | Reached XP level 2. HP: 35/36 MP: 2/2
   200 | D:2      | Noticed Sigmund
   222 | D:2      | Killed Sigmund
   222 | D:2      | Reached skill level 1 in Short Blades
   222 | D:2      | Reached skill level 1 in Long Blades
   222 | D:2      | Reached skill level 1 in Axes
   222 | D:2      | Reached skill level 1 in Maces & Flails
   222 | D:2      | Reached skill level 1 in Polearms
   222 | D:2      | Reached skill level 1 in Staves
   222 | D:2      | Reached skill level 1 in Slings
   222 | D:2      | Reached skill level 1 in Bows
   222 | D:2      | Reached skill level 1 in Crossbows
   222 | D:2      | Reached skill level 1 in Dodging
   222 | D:2      | Reached skill level 1 in Shields
   222 | D:2      | Reached skill level 1 in Unarmed Combat
   222 | D:2      | Reached skill level 1 in Spellcasting
   222 | D:2      | Reached skill level 1 in Conjurations
   222 | D:2      | Reached skill level 1 in Hexes
   222 | D:2      | Reached skill level 1 in Summonings
   222 | D:2      | Reached skill level 1 in Necromancy
   222 | D:2      | Reached skill level 1 in Translocations
   222 | D:2      | Reached skill level 1 in Transmutations
   222 | D:2      | Reached skill level 1 in Fire Magic
   222 | D:2      | Reached skill level 1 in Ice Magic
   222 | D:2      | Reached skill level 1 in Air Magic
   222 | D:2      | Reached skill level 1 in Earth Magic
   222 | D:2      | Reached skill level 1 in Poison Magic
   222 | D:2      | Reached skill level 1 in Invocations
   222 | D:2      | Reached skill level 1 in Evocations
   222 | D:2      | Reached XP level 3. HP: 13/42 MP: 2/5
   222 | D:2      | Reached XP level 4. HP: 15/48 MP: 2/6
   222 | D:2      | Reached XP level 5. HP: 17/54 MP: 2/7
   525 | D:2      | Quit the game

Illustrated notes

Levels and vault maps discovered:
D:1:      dpeg_arrival_concentric_ovals, layout_basic
D:2:      lemuel_upstairs_altar, layout_basic,
          grunt_temple_overflow_order_and_chaos_1,
          lemuel_coloured_pillars_altar, uniq_sigmund

Skill      XL: |  1  2 |
---------------+-------+-----
Fighting       | | 10.4
Short Blades   | 1 |  1.5
Long Blades    | 1 |  1.5
Axes           | 1 |  1.5
Maces & Flails | 1 |  1.5
Polearms       | 1 |  1.5
Staves         | 1 |  1.5
Slings         | 1 |  1.5
Bows           | 1 |  1.5
Crossbows      | 1 |  1.5
Armour         | 3 |  3.0
Dodging        | 1 |  1.5
Shields        | 1 |  1.5
Unarmed Combat | 1 |  1.5
Spellcasting   | 1 |  1.5
Conjurations   | 1 |  1.2
Hexes          | 1 |  1.2
Summonings     | 1 |  1.2
Necromancy     | 1 |  1.2
Translocations | 1 |  1.2
Transmutations | 1 |  1.2
Fire Magic     | 1 |  1.2
Ice Magic      | 1 |  1.2
Air Magic      | 1 |  1.2
Earth Magic    | 1 |  1.2
Poison Magic   | 1 |  1.2
Invocations    | 1 |  1.7
Evocations     | 1 |  1.5
Throwing       | |  4.8
Stealth        | |  4.4

Action                   |  1- 3 |  4- 6 || total
-------------------------+-------+-------++-------
Melee: Spear             |    22 |    14 ||    36
       Bite              |       |     4 ||     4
Throw: Stone             |     6 |       ||     6
  Use: Potion            |     1 |       ||     1
 Stab: Sleeping          |     2 |     1 ||     3
Armor: Robe              |     2 |       ||     2
Dodge: Dodged            |     8 |     7 ||    15

Table legend: (Time is in decaauts)
 A = Elapsed time spent in this place.
 B = Non-inter-level travel time spent in this place.
 C = Inter-level travel time spent in this place.
 D = Time resting spent in this place.
 E = Time spent auto-exploring this place.
 F = Levels seen in this place.
 G = Mean time per level.
                   A        B        C        D        E       F      G
               +--------+--------+--------+--------+--------+-----+--------+
         Total |    526 |    509 |     17 |      0 |    408 |   2 |  263.0 |
       Dungeon |    526 |    509 |     17 |      0 |    408 |   2 |  263.0 |
               +--------+--------+--------+--------+--------+-----+--------+

Top non-repeatable levels by time:
     D:2: 430 daAuts
     D:1: 95 daAuts
